 Dungeon Crawl Stone Soup version 0.20.1-1-g8b1a95d (webtiles) character file.

181 Andry07 the Skirmisher (level 5, -4/37 HPs)
             Began as a Gargoyle Fighter on Oct 5, 2017.
             Slain by a slave (6 damage)
             ... led by Pikel
             ... on level 4 of the Dungeon.
             The game lasted 00:03:42 (2374 turns).

Andry07 the Skirmisher (Gargoyle Fighter)           Turns: 2374, Time: 00:03:42

Health: -4/37      AC: 10    Str: 26    XL:     5   Next: 61%
Magic:  5/5        EV:  7    Int:  8    God:
Gold:   104        SH:  9    Dex:  9    Spells: 4/4 levels left

rFire    . . .     SeeInvis .   o - +0 flail (holy)
rCold    . . .     Gourm    .   c - +0 shield
rNeg     + . .     Faith    .   b - +0 scale mail
rPois    ∞         Spirit   .   (no helmet)
rElec    +         Reflect  .   (no cloak)
rCorr    .         Harm     .   (no gloves)
MR       .....                  (no boots)
Stlth    ..........             (no amulet)
Regen    0.2/turn               (no ring)
MPRegen  0.1/turn               (no ring)

@: mighty
A: negative energy resistance 1, electricity resistance, unbreathing,
petrification resistance, rot immunity, AC +4
a: no special abilities


You were on level 4 of the Dungeon.
You were not hungry.

You visited 1 branch of the dungeon, and saw 4 of its levels.

You collected 104 gold pieces.

Inventory:

Hand Weapons
 o - a +0 flail of holy wrath (weapon)
Armour
 b - a +0 scale mail (worn)
 c - a +0 shield (worn)
Scrolls
 a - 2 scrolls of identify {unknown}
 e - 3 scrolls of amnesia {unknown}
 i - 2 scrolls of enchant armour {unknown}
 k - a scroll of random uselessness {unknown}
 l - a scroll of teleportation {unknown}
 m - a scroll of noise {unknown}
 r - 3 scrolls of immolation {unknown}
 s - a scroll of remove curse {unknown}
 t - a scroll of recharging {unknown}
Potions
 g - a potion of degeneration {unknown}
 j - 3 potions of cancellation {unknown}
 p - 2 potions of heal wounds {unknown}
Comestibles
 f - 2 bread rations
 h - 4 royal jellies
 n - 4 fruits
 q - a meat ration


   Skills:
 + Level 6.7 Fighting
 - Level 2.0 Maces & Flails
 - Level 3.2 Armour
 - Level 3.2 Shields


You had 4 spell levels left.
You didn't know any spells.

Dungeon Overview and Level Annotations

Branches:
Dungeon (4/15)
 Temple: D:4-7

Altars:

Annotations:
D:4 Pikel


Innate Abilities, Weirdness & Mutations

You are resistant to torment.
Your stone body is resilient. (AC +4)
You are immune to poison.
You resist negative energy. (rN+)
You are resistant to electric shocks. (rElec)
You can survive without breathing.
You are immune to petrification.
You are immune to rotting.


Message History

The slave hits you.
* * * LOW HITPOINT WARNING * * *
The slave closely misses you. Pikel barely misses you.
You feel very mighty all of a sudden.
You block the slave's attack. x3; Pikel closely misses you.
You sock Pikel!
Pikel is heavily wounded.
The slave barely misses you. The slave hits you.
* * * LOW HITPOINT WARNING * * *
The slave hits you but does no damage. Pikel hits you with a whip of flaming.
* * * LOW HITPOINT WARNING * * *
Pikel burns you.
* * * LOW HITPOINT WARNING * * *
The slave hits you but does no damage.
You closely miss Pikel.
Pikel is heavily wounded.
You block the slave's attack. The slave barely misses you.
Pikel hits you but does no damage. You block the slave's attack. x2
The slave hits you.
You die...

#### ###
.....#..
...#.# ....
###+###.####
....>..pp.<#
####.#@#..#
#pK..#
#p....#
.....#$.#
##...###.#
.#..#..#..#
.........##
... .#.##


You could see Pikel and 4 slaves.

Vanquished Creatures
  Crazy Yiuf (D:2)
  7 adders
  A worm (D:2)
  3 dart slugs
  4 leopard geckos (D:1)
  An orc (D:3)
  4 ball pythons
  5 bats
  6 giant cockroaches
  7 goblins
  9 hobgoblins
  5 jackals (D:2)
  2 quokkas
  5 frilled lizards
  9 kobolds
  7 rats
76 creatures vanquished.

Notes
Turn   | Place    | Note
-------+----------+-------------------------------------------
     0 | D:1      | Andry07 the Gargoyle Fighter began the quest for the Orb.
     0 | D:1      | Reached XP level 1. HP: 14/14 MP: 1/1
    25 | D:1      | Reached XP level 2. HP: 16/20 MP: 2/2
    50 | D:1      | Reached skill level 4 in Fighting
   301 | D:1      | Reached XP level 3. HP: 24/24 MP: 3/3
   798 | D:2      | Reached skill level 5 in Fighting
   829 | D:2      | Reached XP level 4. HP: 30/31 MP: 4/4
  1066 | D:2      | Found a runed door.
  1516 | D:2      | Reached skill level 6 in Fighting
  1678 | D:2      | Noticed Crazy Yiuf
  1685 | D:2      | Killed Crazy Yiuf
  1685 | D:2      | Reached XP level 5. HP: 16/37 MP: 5/5
  2361 | D:4      | Noticed Pikel
  2361 | D:4      | Noticed a slave
  2361 | D:4      | Noticed a slave
  2361 | D:4      | Noticed a slave
  2361 | D:4      | Noticed a slave
  2374 | D:4      | Slain by a slave

Skill      XL: |  1  2  3  4 |
---------------+-------------+-----
Fighting       | 4 5 6 |  6.7
Maces & Flails | |  2.0
Armour         | |  3.2
Shields        | |  3.2

Action                   |  1- 3 |  4- 6 || total
-------------------------+-------+-------++-------
Melee: Flail             |   148 |   227 ||   375
  Use: Potion            |       |     1 ||     1
  Eat: Chunk             |       |     6 ||     6
Armor: Scale mail        |    79 |   176 ||   255
Dodge: Dodged            |    54 |    94 ||   148
Block: Shield            |    82 |   139 ||   221
